 Dungeon Crawl Stone Soup version 0.32-a0-898-g7811c86cf0 (webtiles) character file.

Game seed: 15152578770528167649

70 Fodor the Covered (level 4, -4/40 HPs)
             Began as a Minotaur Fighter on Apr 4, 2024.
             Frozen to death by an endoplasm (5 damage)
             ... on level 3 of the Dungeon.
             The game lasted 00:04:30 (1588 turns).

Fodor the Covered (Minotaur Fighter)                Turns: 1588, Time: 00:04:31

Health: -4/40      AC: 14    Str: 23    XL:     4   Next: 3%
Magic:  3/3        EV:  8    Int:  5    God:
Gold:   125        SH:  4    Dex:  9    Spells: 3/3 levels left

rFire   . . .        p - +1 flail (protect)
rCold   . . .        c - +0 buckler
rNeg    . . .        b - +0 scale mail
rPois   .            (helmet restricted)
rElec   .            (no cloak)
rCorr   +            (no gloves)
SInv    .            (no boots)
Will    +....        (no amulet) Stlth
                     k - ring of willpower
HPRegen 0.26/turn    m - ring of resist corrosion
MPRegen 0.08/turn

%: no passive effects
@: under a protective aura
A: horns 2, retaliatory headbutt
a: no special abilities


You were on level 3 of the Dungeon.
You visited 1 branch of the dungeon, and saw 3 of its levels.

You collected 125 gold pieces.

Inventory:

Hand Weapons
 p - a +1 flail of protection (weapon)
 w - a +0 war axe
Armour
 b - a +0 scale mail (worn)
 c - a +0 buckler (worn)
Jewellery
 k - a ring of willpower (left hand)
 m - a ring of resist corrosion (right hand)
Scrolls
 e - 2 scrolls of identify {unknown}
 f - a scroll of revelation {unknown}
 h - 2 scrolls of amnesia {unknown}
 j - a scroll of fog {unknown}
 n - a scroll of fear {unknown}
 o - 2 scrolls of teleportation {unknown}
 q - a scroll of immolation {unknown}
Potions
 a - a potion of cancellation {unknown}
 d - a potion of might
 g - a potion of curing {unknown}
 i - 4 potions of degeneration {unknown}
 l - 3 potions of haste {unknown}


   Skills:
 + Level 4.2 Fighting
 + Level 3.3(3.4) Axes
 + Level 0.6(2.1) Maces & Flails
 + Level 4.4 Armour
 + Level 0.1 Dodging
 + Level 4.1 Shields


You had 3 spell levels left.
You didn't know any spells.
Your spell library contained the following spells:

 Spells                   Type           Power      Damage    Failure   Level
 Inner Flame              Hex/Fire       0%         N/A       99%         3
 Volatile Blastmotes      Fire/Tloc      0%         2d10      99%         3
 Flame Wave               Conj/Fire      0%         2d4       100%        4
 Fulminant Prism          Conj/Alch      0%         3d5       100%        4
 Iskenderun's Mystic Bla Conj/Tloc 0%             2d3        (+2d1     100%        4
 Sticky Flame             Fire/Alch      0%         2d4       100%        4


Dungeon Overview and Level Annotations

Branches:
Dungeon (3/15)

Altars:
Zin


Innate Abilities, Weirdness & Mutations

You have a pair of horns on your head.
You reflexively headbutt those who attack you in melee.


Message History

There is a glowing silver altar of Zin here.
The angel explains in detail about Zin's Axioms of Law.
There is an open door here.
There is an open door here.
Found a mace.
You now have 125 gold pieces (gained 13).
There is an open door here.
Found a stone staircase leading down.
There is a stone staircase leading down here.
An ogre comes into view. It is wielding a +0 giant spiked club.
You see here a scroll labelled XAISAO UDIGE.
A bat comes into view.
The ogre shouts!
An endoplasm comes into view.
The endoplasm quivers.
The bat hits you but does no damage.
You closely miss the bat. The bat hits you but does no damage.
The bat barely misses you. You furiously retaliate!
You headbutt the bat. The bat hits you but does no damage.
The ogre hits you with a +0 giant spiked club!!
Ouch! That really hurt!
The endoplasm freezes you.
You are frozen.
You hit the ogre.
Your weapon exudes an aura of protection.
The ogre is lightly wounded.
The bat hits you but does no damage. The endoplasm freezes you.
You are frozen.
The ogre hits you with a +0 giant spiked club!
* * * LOW HITPOINT WARNING * * *
Unknown command.
Unknown command.
Unknown command.
Unknown command.
Unknown command.
You block the bat's attack. The endoplasm freezes you.
You are frozen.
You die...

...†.......#####...#######.###.#
'###.......# ##### #.# #.# .#
#.......# ##.###.# .# #.......#
#......# .#
#.......##############..###.# .#
#######.................# #.# .#
#..............##.# #.# .#
#.............###.# #.# .#
#....O.@.?....# #.. ..# .#
#......J......# ####### ##
####.b.###'#### #...# #.# [..
#...# #.# ### ##### #.# ..# .##
#


You could see an ogre, an endoplasm and a bat.

Vanquished Creatures
  2 adders
  A dart slug (D:3)
  A ribbon worm (D:3)
  3 bats
  5 endoplasms
  A giant cockroach (D:3)
  5 goblins
  4 hobgoblins
  3 kobolds
  3 quokkas
  7 ball pythons
  2 frilled lizards
  6 rats
43 creatures vanquished.

Notes
Turn   | Place    | Note
-------+----------+-------------------------------------------
     0 | D:1      | Fodor the Minotaur Fighter began the quest for the Orb.
     0 | D:1      | Reached XP level 1. HP: 19/19 MP: 0/0
   132 | D:1      | Reached XP level 2. HP: 27/27 MP: 1/1
   390 | D:1      | You fall into a shaft and drop 1 floor!
   418 | D:2      | Reached XP level 3. HP: 33/33 MP: 2/2
  1504 | D:3      | Found a glowing silver altar of Zin.
  1512 | D:3      | Noticed an angel
  1514 | D:3      | Reached XP level 4. HP: 36/40 MP: 3/3
  1582 | D:3      | Noticed an ogre
  1587 | D:3      | HP: 1/40 [ogre/+0 giant spiked club (13)]
  1588 | D:3      | Frozen to death by an endoplasm

Illustrated notes

Levels and vault maps discovered:
D:1:      amcnicky_arrival_wind_blow, layout_loops_ring, minmay_domino_4
D:2:      layout_basic, chequers_mini_garden, skrybe_limestone_x
D:3:      layout_basic, zin_angel

Skill      XL: |  1  2  3 |
---------------+----------+-----
Armour         | 4 |  4.4
Fighting       | 4 |  4.2
Shields        | 4 |  4.1
Axes           | 3 |  3.3
Maces & Flails | |  0.6
Dodging        | |  0.1

Action                     |  1- 3 |  4- 6 || total
---------------------------+-------+-------++-------
  Melee: War axe           |    59 |       ||    59
         Headbutt          |     6 |       ||     6
         Flail             |    22 |     2 ||    24
 Armour: Scale mail        |    91 |     6 ||    97
  Dodge: Dodged            |    43 |     1 ||    44
  Block: Buckler           |    15 |     1 ||    16

Table legend: (Time is in decaauts)
 A = Elapsed time spent in this place.
 B = Non-inter-level travel time spent in this place.
 C = Inter-level travel time spent in this place.
 D = Time resting spent in this place.
 E = Time spent auto-exploring this place.
 F = Levels seen in this place.
 G = Mean time per level.
                   A        B        C        D        E       F      G
               +--------+--------+--------+--------+--------+-----+--------+
         Total |   1618 |   1575 |     43 |      0 |   1068 |   3 |  539.3 |
       Dungeon |   1618 |   1575 |     43 |      0 |   1068 |   3 |  539.3 |
               +--------+--------+--------+--------+--------+-----+--------+

Top non-repeatable levels by time:
     D:1: 740 daAuts
     D:2: 620 daAuts
     D:3: 256 daAuts
